 Dungeon Crawl Stone Soup version 0.31-a0-700-gf13585253f (webtiles) character file.

Game seed: 12295693847403480673

53 ytrimaz the Insei (level 3, 0/23 HPs)
             Began as an Octopode Shapeshifter on Sept 7, 2023.
             Slain by a goblin
             ... wielding a +0 dagger
              (1 damage)
             ... on level 2 of the Dungeon.
             The game lasted 00:01:04 (883 turns).

ytrimaz the Insei (Octopode Shapeshifter)            Turns: 883, Time: 00:01:04

Health: 0/23       AC:  1    Str: 13    XL:     3   Next: 89%
Magic:  3/3        EV: 13    Int: 12    God:
Gold:   59         SH:  0    Dex: 13    Spells: 2/2 levels left

rFire   . .          .
                       - Unarmed
rCold   . . .        (no shield)
rNeg    . . .        (helmet currently unavailable)
rPois   .            (no amulet)
rElec   .            (no ring)
rCorr   .            (no ring)
SInv    .            (no ring)
Will    .....        (no ring)
Stlth   ++           (no ring)
HPRegen 0.23/turn    (no ring)
MPRegen 0.08/turn    (no ring)
                     (no ring)

%: no passive effects
@: mighty, beast-form
A: beast (slay +2), almost no armour, amphibious, 8 rings, camouflage 1,
gelatinous body 1, (nimble swimmer 1), tentacles
a: Begin Untransformation


You were on level 2 of the Dungeon.
You were a hulking beast.
You visited 1 branch of the dungeon, and saw 2 of its levels.

You collected 59 gold pieces.


Innate Abilities, Weirdness & Mutations

You are a hulking beast.
Your limbs bulge with bestial killing power. (Slay +2)
You cannot wear most types of armour.
You are amphibious.
You can wear up to eight rings at the same time.
Your skin changes colour to match your surroundings (Stealth+).
Your rubbery body absorbs attacks. (AC +1, EV +1)
((You are camouflaged when in or above water. (Stealth+)))
You have tentacles for arms and can constrict up to eight enemies at once.


   Skills:
 - Level 1.0 Fighting
 - Level 2.0 Dodging
 + Level 3.9 Unarmed Combat
 + Level 3.7 Shapeshifting


You had 2 spell levels left.
You didn't know any spells.
Your spell library contained the following spells:

 Spells                   Type           Power      Damage    Failure   Level
 Summon Lightning Spire   Summ/Air       0%         N/A       97%         4
 Lee's Rapid Deconstruct  Erth           0%         3d4*      100%        5
 Animate Armour           Summ/Erth      Unusable   N/A       N/A         4

Inventory:

Talismans
 b - a beast talisman (active)
 c - a flux talisman
Scrolls
 f - a scroll of identify {unknown}
 g - a scroll of immolation {unknown}
 i - a scroll of brand weapon {unknown}
 k - a scroll of poison {unknown}
Potions
 a - a potion of lignification
 d - a potion of might
 e - 2 potions of heal wounds {unknown}
 h - a potion of enlightenment {unknown}
 j - a potion of brilliance {unknown}

Dungeon Overview and Level Annotations

Branches:
Dungeon (2/15) Zot: 11121

Altars:

..###.#..####..#.P#.#
+.. #.##.......####.#
#. #..........####.#
. #.######........#
#...P#........#
....#........#
#...#........#
##..#.....####
####h....#
$.....r.g...#
..........$.#
............#
.........>..#
..........>##
...##.....## ###
#######


You could see a goblin and a rat.


Message History

You constrict the adder.
You kill the adder! 😕 HP[+1] No target in view!
You see here an adder corpse.
Unknown command.
No target in view!
d - 2 red potions (gained 1)
You see here an adder corpse.
Things that are here:
a bat corpse; a worm corpse You now have 59 gold pieces (gained 14).
You see here a ball python corpse.
Key pressed, stopping explore.
k - a scroll labelled ZEIWOMP GEIDGH 😎 HP[+1]
Your hp is fully restored (23).
A rat and a frilled lizard come into view.
There are monsters nearby!
A hobgoblin comes into view.
Found a stone staircase leading down.
The frilled lizard hisses angrily.
There are monsters nearby!
Found a stone staircase leading down.
There are monsters nearby!
There are monsters nearby!
There are monsters nearby!
A quokka comes into view.
You barely miss the frilled lizard.
The hobgoblin shouts!
Your grab misses the frilled lizard.
Your tentacle-slap misses the frilled lizard.
Your squeeze misses the frilled lizard.
The frilled lizard bites you but does no damage.
A goblin comes into view. It is wielding a +0 dagger.
The goblin shouts!
You tentacle-slap the frilled lizard.
You kill the frilled lizard!
The rat bites you.
The hobgoblin completely misses you. 😕 HP[-2]
You take 2 damage, and now have 21/23 hp.
Unknown command.
You barely miss the hobgoblin. You grab the hobgoblin.
You constrict the hobgoblin. The rat completely misses you.
The hobgoblin hits you. 😮 HP[-4]
You take 4 damage, and now have 17/23 hp.
You are too injured to fight recklessly!
Unknown command.
You are too injured to fight recklessly!
You closely miss the rat. You grab the rat.
You constrict the hobgoblin, but do no damage.
You constrict the rat.
A rat comes into view.
The rat completely misses you.
The hobgoblin struggles to escape constriction.
You are too injured to fight recklessly!
You tentacle-slap the rat.
You kill the rat!
You constrict the hobgoblin. The hobgoblin hits you.
Unknown command. 😮 HP[-1]
You take 1 damage, and now have 16/23 hp.
You are too injured to fight recklessly!
You tentacle-slap the hobgoblin but do no damage.
You constrict the hobgoblin. The quokka bites you. The hobgoblin hits you.
* * * LOW HITPOINT WARNING * * *
😨 HP[-5]
You take 5 damage, and now have 11/23 hp.
MASSIVE DAMAGE!! (PAUSE)
You are too injured to fight recklessly!
You completely miss the hobgoblin. You tentacle-slap the hobgoblin.
You kill the hobgoblin!
The quokka bites you.
* * * LOW HITPOINT WARNING * * *
The rat twitches its whiskers.
The goblin hits you with a +0 dagger.
* * * LOW HITPOINT WARNING * * *
Unknown command. 😱 HP[-6]
You take 6 damage, and now have 5/23 hp.
MASSIVE DAMAGE!! (PAUSE)
You closely miss the goblin. Your grab misses the goblin.
The quokka misses you. The goblin hits you with a +0 dagger.
* * * LOW HITPOINT WARNING * * *
😱 HP[-2]
You take 2 damage, and now have 3/23 hp.
Unknown command.
You tentacle-slap the quokka.
You kill the quokka!
The goblin hits you with a +0 dagger.
* * * LOW HITPOINT WARNING * * *
😱 HP[-2]
You take 2 damage, and now have 1/23 hp.
The rat barely misses you. The goblin barely misses you.
Unknown command.
It was a potion of might.
You feel very mighty all of a sudden. The rat closely misses you.
The goblin hits you with a +0 dagger.
You die...

Action                     || total
---------------------------++-------
  Melee: Unarmed           ||    76
         Constrict         ||    22
         Tentacles         ||     9
         Punch             ||     3
    Use: Potion            ||     1
   Stab: Sleeping          ||     5
         Distracted        ||     1
 Armour: Skin              ||    48
  Dodge: Dodged            ||    49

Levels and vault maps discovered:
D:1:      mrwooster_arrival_statue, layout_basic
D:2:      layout_rooms, serial_aquarium, aquarium_bridge_long_separate
          [aquarium_subvault_wall, aquarium_subvault_balcony,
          aquarium_subvault_bridge, aquarium_subvault_bridge,
          aquarium_subvault_bridge, aquarium_subvault_wall],
          aquarium_bridge_island_small [aquarium_subvault_small_open,
          aquarium_subvault_bridge, aquarium_subvault_window,
          aquarium_subvault_window, aquarium_subvault_bridge],
          aquarium_window_corner, aquarium_window_1, aquarium_window_1,
          aquarium_view_2b, serial_shops, nicolae_shop_window_shopping,
          shapermc_ecumenical_altar_pompeii, amcnicky_mini_pool_small

Notes
Turn   | Place    | Note
-------+----------+-------------------------------------------
     0 | D:1      | ytrimaz the Octopode Shapeshifter began the quest for the
                  | Orb.
     0 | D:1      | Reached XP level 1. HP: 13/13 MP: 1/1
     0 | D:1      | magus.rc [v1.9.6]
   105 | D:1      | Reached XP level 2. HP: 9/18 MP: 2/2
   369 | D:1      | You pick up a book of Iron and begin reading...
   369 | D:1      | You add the spells Summon Lightning Spire and Lee's Rapid
                  | Deconstruction to your library.
   406 | D:1      | Reached XP level 3. HP: 23/23 MP: 3/3
   879 | D:2      | HP: 5/23 [goblin/+0 dagger (1)]
   881 | D:2      | HP: 1/23 [goblin/+0 dagger (2)]
   883 | D:2      | Slain by a goblin

Vanquished Creatures
  An adder (D:2)
  A worm (D:2)
  A dart slug (D:2)
  5 bats
  3 endoplasms
  2 giant cockroaches (D:1)
  3 hobgoblins
  A kobold (D:1)
  3 quokkas
  5 ball pythons
  4 frilled lizards
  5 goblins (D:1)
  3 rats
37 creatures vanquished.

Table legend:
 A = Non-vault XP
 B = Vault XP
 C = Vault XP percentage of total XP
 D = Non-vault monster count
 E = Vault monster count
 F = Vault count percentage of total count
                 A         B        C        D         E       F
            +---------+---------+-------+---------+---------+-------
      Total |      77 |       0 |   0.0 |      37 |       0 |   0.0
            +---------+---------+-------+---------+---------+-------
        D:1 |      41 |       0 |   0.0 |      24 |       0 |   0.0
        D:2 |      36 |       0 |   0.0 |      13 |       0 |   0.0
            +---------+---------+-------+---------+---------+-------

Action                     || total
---------------------------++-------
  Melee: Unarmed           ||    76
         Constrict         ||    22
         Tentacles         ||     9
         Punch             ||     3
    Use: Potion            ||     1
   Stab: Sleeping          ||     5
         Distracted        ||     1
 Armour: Skin              ||    48
  Dodge: Dodged            ||    49

Illustrated notes

Table legend:
 A = Kills in this place as a percentage of kills in the entire game.
 B = Kills by you in this place as a percentage of kills by you in the entire game.
 C = Kills by friends in this place as a percentage of kills by friends in the entire game.
 D = Other kills in this place as a percentage of other kills in the entire game.
 E = Experience gained in this place as a percentage of experience gained in the entire game.
 F = Experience gained in this place divided by the number of levels of this place that you have seen.
                   A       B       C       D       E      F
               +-------+-------+-------+-------+-------+----------------------
         Total | 100.0 | 100.0 |   N/A |   N/A | 100.0 |  38.5
       Dungeon | 100.0 | 100.0 |   N/A |   N/A | 100.0 |  38.5
               +-------+-------+-------+-------+-------+----------------------

Table legend: (Time is in decaauts)
 A = Elapsed time spent in this place.
 B = Non-inter-level travel time spent in this place.
 C = Inter-level travel time spent in this place.
 D = Time resting spent in this place.
 E = Time spent auto-exploring this place.
 F = Levels seen in this place.
 G = Mean time per level.
                   A        B        C        D        E       F      G
               +--------+--------+--------+--------+--------+-----+--------+
         Total |    877 |    807 |     70 |      0 |    608 |   2 |  438.5 |
       Dungeon |    877 |    807 |     70 |      0 |    608 |   2 |  438.5 |
               +--------+--------+--------+--------+--------+-----+--------+

Top non-repeatable levels by time:
     D:1: 707 daAuts
     D:2: 170 daAuts
